 Dungeon Crawl Stone Soup version 0.17-a0-369-ge05c439 (webtiles) character file.

415 McCoppin the Covert (level 7, -5/50 HPs)
             Began as a Formicid Assassin on Apr 1, 2015.
             Was a Priest of Ru.
             Slain by a wight
             ... wielding a +1 spear
              (7 damage)
             ... on level 6 of the Dungeon.
             The game lasted 00:14:35 (2262 turns).

McCoppin the Covert (Formicid Assassin)             Turns: 2262, Time: 00:14:35

Health: -5/50      AC:  3    Str: 16    XL:     7   Next: 15%
Magic:  7/7        EV: 11    Int: 10    God:    Ru [***...]
Gold:   44         SH:  0    Dex: 14    Spells: 0 memorised, 6 levels left

rFire  + . .     SeeInvis +     a - +2 dagger
rCold  x . .     Clarity  .     c - +0 robe
rNeg   . . .     SustAb   .     (shield unavailable)
rPois  .         Gourm    .     (helmet unavailable)
rElec  .         Spirit   .     d - +0 cloak
rCorr  .         Warding  .     (no gloves)
rMut   .         Stasis   +     (no boots)
MR     .....                    (no amulet)
Stlth  ++++......               q - ring of fire
                                (ring unavailable)

@: heavily drained, not resistant to hostile enchantments, stealthy
A: permanent stasis, dig shafts and tunnels, four strong arms, antennae 3,
missing a hand
a: Dig, Shaft Self, Draw Out Power, Renounce Religion


You were on level 6 of the Dungeon.
You worshipped Ru.
Ru was most pleased with you.
You were not hungry.

You visited 2 branches of the dungeon, and saw 6 of its levels.

You collected 44 gold pieces.

Inventory:

Hand weapons
 a - a +2 dagger (weapon)
 b - a +0 blowgun
 n - a +0 dagger of flaming
 r - a +1 long sword
Missiles
 e - 2 poisoned needles
 f - 2 curare-tipped needles
 h - 13 arrows of flame
Armour
 c - a +0 robe (worn)
 d - a +0 cloak (worn)
 k - a +0 chain mail
Jewellery
 q - a ring of fire (right hand)
Scrolls
 i - 2 scrolls of enchant weapon {unknown}
 j - a scroll of remove curse {unknown}
 m - a scroll of teleportation {unknown}
 o - a scroll of recharging {unknown}
 p - a scroll of magic mapping {unknown}
Comestibles
 g - a bread ration
 l - a beef jerky


   Skills:
 - Level 2.1(0.2) Fighting
 - Level 2.0(0.0) Short Blades
 - Level 1.5(0.0) Throwing
 - Level 0.8(0.0) Dodging
 + Level 10.2(7.7) Stealth


You had 6 spell levels left.
You didn't know any spells.

Dungeon Overview and Level Annotations

Branches:
Dungeon (6/15)             Temple (1/1) D:5

Altars:
Ashenzari
Nemelex Xobeh
Ru
Zin

Shops:
D:4 %


Innate Abilities, Weirdness & Mutations

You are under a permanent stasis effect.
You can dig through walls and to a lower floor.
Your four strong arms can wield two-handed weapons with a shield.
You have a pair of large antennae on your head (SInv).
You are missing a hand.


Message History

You focus your will and illuminate the wight in retribution!
You hit the wight.
The wight is almost destroyed.
The wight misses you.
You hit the wight.
The wight is almost destroyed.
The wight stops glowing.
The wight hits you from afar with an enchanted spear!
* * * LOW HITPOINT WARNING * * *
You feel drained.
You see here a robe.
The wight is stunned by your will and fails to attack.
The wight barely misses you.
There is an open door here.
You barely miss the wight.
The wight is almost destroyed.
The wight hits you with an enchanted war axe!
* * * LOW HITPOINT WARNING * * *
The wight hits you from afar with an enchanted spear!
You die...

### #.# #####.## ....... .
#....######### #.#
#.##........... #.#
#........### #.###.....).@z.#
#............#z#
#####...##.......#.#
.........#.......#.#
.................#.#
.......<........##.#
..........#.....##.#
......#...#.....##.#
......##.##.....##.########.##


You could see 2 wights.

Vanquished Creatures
  2 ogres
  A giant frog (D:6)
  A wight (D:6)
  An iguana (D:5)
  2 worker ants
  2 hound skeletons (D:4)
  2 adders (D:5)
  A worm (D:5)
  A giant gecko (D:5)
  8 bats
  A giant cockroach (D:4)
  2 goblins (D:5)
  A hobgoblin (D:4)
  4 jackals (D:4)
  A jackal zombie (D:5)
  2 kobolds
  3 rats
35 creatures vanquished.

Notes
Turn   | Place    | Note
--------------------------------------------------------------
     0 | D:1      | McCoppin, the Formicid Assassin, began the quest for the Orb.
     0 | D:1      | Reached XP level 1. HP: 16/16 MP: 1/1
     3 | D:1      | You fall through a shaft!
    21 | D:2      | You fall through a shaft for 2 floors!
    30 | D:4      | Reached skill level 5 in Stealth
   284 | D:4      | Reached XP level 2. HP: 20/22 MP: 2/2
   417 | D:4      | Found Memau's Food Shoppe.
   434 | D:4      | Found a sacrificial altar of Ru.
   459 | D:4      | Reached XP level 3. HP: 19/27 MP: 3/3
   561 | D:4      | Became a worshipper of Ru the Awakened
   575 | D:4      | Reached skill level 6 in Stealth
   592 | D:4      | Noticed a worker ant
   596 | D:4      | Killed a worker ant
   663 | D:4      | Noticed an orc priest
   840 | D:4      | Reached XP level 4. HP: 17/33 MP: 4/4
  1020 | D:5      | Entered Level 5 of the Dungeon
  1024 | D:5      | Reached skill level 7 in Stealth
  1250 | D:5      | Reached XP level 5. HP: 32/38 MP: 5/5
  1293 | D:5      | Found a shattered altar of Ashenzari.
  1306 | D:5      | Found a staircase to the Ecumenical Temple.
  1333 | Temple   | Entered the Ecumenical Temple
  1491 | D:5      | Noticed an ogre
  1504 | D:5      | Killed an ogre
  1504 | D:5      | Reached skill level 8 in Stealth
  1504 | D:5      | Reached XP level 6. HP: 42/44 MP: 6/6
  1522 | D:5      | Reached skill level 9 in Stealth
  1886 | D:6      | Gained mutation: You are missing a hand. [Ru sacrifice]
  1886 | D:6      | Acquired Ru's first power
  1886 | D:6      | Acquired Ru's second power
  1886 | D:6      | Acquired Ru's third power
  1955 | D:6      | Reached skill level 10 in Stealth
  1955 | D:6      | Reached XP level 7. HP: 47/50 MP: 7/7
  2262 | D:6      | HP: 2/50 [wight/enchanted war axe (9)]
  2262 | D:6      | Slain by a wight

Action                   |  1- 3 |  4- 6 |  7- 9 || total
-------------------------+-------+-------+-------++-------
Melee: Dagger            |    62 |    43 |    25 ||   130
 Fire: Blowgun           |     5 |    24 |       ||    29
Invok: Sacrifice a Hand  |       |     1 |       ||     1
       Draw Out Power    |       |       |     1 ||     1
 Abil: Shaft Self        |     2 |       |       ||     2
       Dig               |     5 |       |       ||     5
  Use: Potion            |       |     2 |       ||     2
 Stab: Sleeping          |     3 |     7 |       ||    10
  Eat: Chunk             |     1 |       |       ||     1
       Bread ration      |       |     1 |       ||     1
